 Dungeon Crawl Stone Soup version 0.31-a0-175-g9f7f995f2b (webtiles) character file.

Game seed: 8434163583898300053

8038 qw the Skirmisher (level 11, -1/103 HPs)
             Began as a Naga Hunter on June 17, 2023.
             Was a Follower of Okawaru.
             Slain by a red devil
             ... wielding a +0 trident
             ... summoned by an obsidian statue
              (13 damage)
             ... on level 10 of the Dungeon.
             The game lasted 00:05:16 (9294 turns).

qw the Skirmisher (Naga Hunter)                     Turns: 9294, Time: 00:05:17

Health: -1/103     AC: 15    Str: 11 (12) XL:     11   Next: 24%
Magic:  11/13      EV: 13    Int: 18      God:    Okawaru [*.....]
Gold:   380        SH:  0    Dex: 18      Spells: 10/10 levels left

rFire   + + .        Y - +6 orcbow (drain)
rCold   . . .        (shield currently unavailable)
rNeg    + . .        k - +0 robe {rF+}
rPois   +            b - +0 helmet
rElec   .            (no cloak)
rCorr   .            (no gloves)
SInv    +            h - +3 barding of Moliphut {Regen+ Str-2 Int+8}
Will    +....        (no amulet)
Stlth   ++++         i - ring of positive energy
HPRegen 1.17/turn    n - ring of protection from fire
MPRegen 0.13/turn

%: no passive effects
@: about to teleport, heroic, spiked, very slow
A: AC +3, large, see invisible, deformed body, poison resistance, slowness 2,
spit poison 1, naga tail 1, deterioration 1
a: Spit Poison, Renounce Religion, Heroism


You were on level 10 of the Dungeon.
You worshipped Okawaru.
Okawaru was aware of your devotion.
You visited 2 branches of the dungeon, and saw 11 of its levels.

You collected 534 gold pieces.
You spent 154 gold pieces at shops.


Innate Abilities, Weirdness & Mutations

Your serpentine skin is tough. (AC +3)
You have supernaturally acute eyesight. (SInv)
Armour fits poorly on your strangely shaped body.
Your system is resistant to poisons. (rPois)
You cover ground very slowly.
You can spit poison.
You have a snake-like lower body.
Your body sometimes deteriorates upon taking damage.


   Skills:
 - Level 8.0(13.0) Fighting
 + Level 12.9(17.9) Ranged Weapons
 - Level 3.0(8.0) Armour
 - Level 4.0(9.0) Dodging
 - Level 1.5(6.5) Stealth
 + Level 3.6 Invocations


You had 10 spell levels left.
You didn't know any spells.
Your spell library was empty.

Inventory:

Hand Weapons
 Y - a +6 orcbow of draining (weapon)
Armour
 b - a +0 helmet (worn)
 c - a +0 leather armour
 h - the +3 barding of Moliphut (worn) {Regen+ Str-2 Int+8}
   (You acquired it on level 4 of the Dungeon)

   Str:       It affects your strength (-2).
   Int:       It affects your intelligence (+8).
   Regen:     It increases your rate of health regeneration.
 k - a +0 robe of fire resistance (worn)
Jewellery
 i - a ring of positive energy (left hand)
 n - a ring of protection from fire (right hand)
Scrolls
 a - 2 scrolls of teleportation
 g - 2 scrolls of identify
Potions
 d - 3 potions of enlightenment
 e - 2 potions of mutation
 f - a potion of resistance
 j - 6 potions of curing
 l - a potion of haste

Dungeon Overview and Level Annotations

Branches:
Dungeon (10/15)            Temple (1/1) D:7             Orc (0/2) D:10
   Lair: D:8-11

Altars:
Cheibriados
Dithmenos
Elyvilon
Fedhas
Gozag
Hepliaklqana
Kikubaaqudgha
Makhleb
Nemelex Xobeh
Okawaru
Qazlal
Ru
Sif Muna
Trog
Uskayaw
Vehumet
Wu Jian
Xom
Yredelemnul
The Shining One

Shops:
D:3 !

Annotations:
D:4 1 runed translucent door, Crazy Yiuf
D:7 2 runed translucent doors
D:10 exclusion: obsidian statue


Message History

Enter note:
Enter note:
Enter note:
Enter note:
Enter note:
Enter note:
Enter note:
Enter note:
Enter note:
Enter note:
Enter note:
Enter note:
Enter note:
Enter note:
Enter note:
Enter note:
Enter note:
Enter note:
Enter note:
Enter note:
Enter note:
Enter note:
Enter note:
9293 ||| READING 3 scrolls of teleportation.
As you read the scroll of teleportation, it crumbles to dust.
You feel strangely unstable.
The red devil hits you with a +0 trident.
Barbed spikes become lodged in your body.
The hellwing misses you. The hellwing hits you.
The hellwing hits you but does no damage.
The hellwing barely misses you. The shadow imp gestures at you.
You resist with some effort.
The shadow imp attacks as you move away!
The shadow imp hits you but does no damage.
The barbed spikes dig painfully into your body as you move.
The hellwing misses you.
The hellwing hits you but does no damage.
The red devil hits you with a +0 trident!
You die...

#........... #... ...
#..#8.8#....# #...
#......+.#8...8#..... .##...
#...^..#.8..$..8..... ......
#......#.#.)8(.#..... ......
#......#.8..=..8..... ......
#.......?#85458#..... [#####
#..<...+..#848#....# #....
#......##...4@.....#######....
#............#.....#.....)....
#............#.....#..........
#######......#.....#..........
#......#######......####
#...................#...
#...................#...
#...................#...
#...................#...


You could see an obsidian statue, 2 hellwings, a red devil (summoned) and 2
shadow imps.

Vanquished Creatures
  A two-headed ogre (D:8)
  An ugly thing (D:7)
  4 kobold demonologists
  A troll (D:10)
  A hornet (D:7)
  A wyvern (D:7)
  A basilisk (D:7)
  2 acid dragons
  4 water moccasins (D:7)
  A black bear (D:5)
  7 orc warriors
  2 ice beasts
  2 sky beasts (D:7)
  2 ogres (D:5)
  3 centaurs
  2 phantoms
  5 bullfrogs
  2 kobold brigands (D:10)
  3 gnoll sergeants
  5 scorpions
  12 wights
  A hornet simulacrum (D:7)
  A howler monkey (D:9)
  2 jellies
  11 orc priests
  2 gnoll boudas
  3 hounds
  4 iguanas
  10 orc wizards
  Terence (D:3)
  Robin (D:3)
  19 gnolls
  11 adders
  2 shadow imps (D:7)
  2 white imps
  An ufetubus (D:7)
  2 worms
  2 dart slugs (D:2)
  36 orcs
  3 bats
  8 endoplasms
  3 giant cockroaches
  14 goblins
  14 hobgoblins
  3 jackals (D:3)
  8 kobolds
  A quokka (D:2)
  7 ball pythons
  2 frilled lizards (D:2)
  4 rats
240 creatures vanquished.

Notes
Turn   | Place    | Note
-------+----------+-------------------------------------------
     0 | D:1      | qw the Naga Hunter began the quest for the Orb.
     0 | D:1      | Reached XP level 1. HP: 19/19 MP: 1/1
     0 | D:1      | 0 ||| qw: Version: 0.3-a-2-g5ab2908
     0 | D:1      | 0 ||| qw: Game counter: 335
     0 | D:1      | 0 ||| qw: Always use a shield: true
     0 | D:1      | 0 ||| qw: God list: Okawaru
     0 | D:1      | 0 ||| qw: Allow faded altars: false
     0 | D:1      | 0 ||| qw: Do Orc after D:15 true
     0 | D:1      | 0 ||| qw: Do second Lair branch before Depths: true
     0 | D:1      | 0 ||| qw: Lair rune preference: random
     0 | D:1      | 0 ||| qw: Plans: Normal
     0 | D:1      | 0 ||| PLANNING D:1-11
    62 | D:1      | 62 ||| INVOKING Spit Poison.
    65 | D:1      | 65 ||| INVOKING Spit Poison.
    68 | D:1      | 68 ||| INVOKING Spit Poison.
   123 | D:1      | 123 ||| INVOKING Spit Poison.
   124 | D:1      | Reached skill level 4 in Ranged Weapons
   124 | D:1      | Reached XP level 2. HP: 26/26 MP: 2/2
   163 | D:1      | 163 ||| INVOKING Spit Poison.
   252 | D:1      | 252 ||| INVOKING Spit Poison.
   258 | D:1      | 258 ||| INVOKING Spit Poison.
   263 | D:1      | 263 ||| INVOKING Spit Poison.
   535 | D:1      | 535 ||| READING scroll labelled BEAXZO RIUPRA.
   536 | D:1      | 536 ||| READING scroll labelled KAPRAULUANN.
   537 | D:1      | 537 ||| DRINKING 2 golden potions.
   558 | D:1      | 558 ||| DROPPING scroll of butterflies.
   559 | D:1      | 559 ||| DROPPING potion of lignification.
   575 | D:2      | 575 ||| INVOKING Spit Poison.
   641 | D:2      | 641 ||| INVOKING Spit Poison.
   643 | D:2      | Reached XP level 3. HP: 32/32 MP: 3/3
   653 | D:2      | 653 ||| INVOKING Spit Poison.
   659 | D:2      | 659 ||| INVOKING Spit Poison.
   665 | D:2      | 665 ||| INVOKING Spit Poison.
   720 | D:2      | 720 ||| INVOKING Spit Poison.
   724 | D:2      | 724 ||| INVOKING Spit Poison.
   766 | D:2      | 766 ||| INVOKING Spit Poison.
   780 | D:2      | 780 ||| INVOKING Spit Poison.
   787 | D:2      | 787 ||| INVOKING Spit Poison.
   788 | D:2      | Reached skill level 5 in Ranged Weapons
   788 | D:2      | Reached XP level 4. HP: 39/39 MP: 4/4
   791 | D:2      | 791 ||| INVOKING Spit Poison.
   806 | D:2      | 806 ||| INVOKING Spit Poison.
   810 | D:2      | 810 ||| INVOKING Spit Poison.
   815 | D:2      | 815 ||| INVOKING Spit Poison.
   934 | D:2      | 934 ||| INVOKING Spit Poison.
  1016 | D:2      | Found a faded altar of an unknown god.
  1286 | D:2      | 1286 ||| INVOKING Spit Poison.
  1344 | D:2      | 1344 ||| INVOKING Spit Poison.
  1512 | D:2      | 1512 ||| INVOKING Spit Poison.
  1525 | D:2      | 1525 ||| INVOKING Spit Poison.
  1561 | D:2      | 1561 ||| READING 2 scrolls labelled TAFORGH GIGIAV.
  1564 | D:2      | 1564 ||| READING 2 scrolls labelled FYR IMOHOOLENI.
  1565 | D:2      | 1565 ||| READING scroll labelled HAXUTHEONU.
  1566 | D:2      | 1566 ||| DRINKING 2 fizzy cyan potions.
  1567 | D:2      | 1567 ||| DROPPING scroll of fog.
  1568 | D:2      | 1568 ||| DROPPING potion of brilliance.
  1586 | D:3      | 1586 ||| INVOKING Spit Poison.
  1587 | D:3      | Reached skill level 3 in Fighting
  1593 | D:3      | 1593 ||| INVOKING Spit Poison.
  1595 | D:3      | Reached XP level 5. HP: 43/49 MP: 5/5
  1595 | D:3      | 1595 ||| STAIRDANCE
  1599 | D:2      | 1599 ||| INVOKING Spit Poison.
  1693 | D:3      | 1693 ||| READING scroll of enchant weapon.
  1693 | D:3      | 1693 ||| ENCHANTING +1 shortbow.
  1742 | D:3      | 1742 ||| INVOKING Spit Poison.
  1792 | D:3      | Noticed Terence
  1795 | D:3      | 1795 ||| INVOKING Spit Poison.
  1800 | D:3      | Killed Terence
  1822 | D:3      | Found Omettay's Distillery.
  1830 | D:3      | 1830 ||| SHOPLISTING 2 potions of mutation (224 gold, have
                  | 180).
  1830 | D:3      | 1830 ||| BUYING potion of curing (42 gold).
  1830 | D:3      | Bought a potion of curing for 42 gold pieces
  1830 | D:3      | 1830 ||| BUYING potion of curing (42 gold).
  1830 | D:3      | Bought a potion of curing for 42 gold pieces
  1830 | D:3      | 1830 ||| BUYING potion of enlightenment (70 gold).
  1830 | D:3      | Bought a potion of enlightenment for 70 gold pieces
  1830 | D:3      | 1830 ||| SHOPLISTING potion of haste (140 gold, have 26).
  1830 | D:3      | 1830 ||| SHOPLISTING potion of mutation (112 gold, have
                  | 26).
  1847 | D:3      | 1847 ||| INVOKING Spit Poison.
  1853 | D:3      | 1853 ||| INVOKING Spit Poison.
  1860 | D:3      | 1860 ||| INVOKING Spit Poison.
  1866 | D:3      | 1866 ||| INVOKING Spit Poison.
  2049 | D:3      | 2049 ||| INVOKING Spit Poison.
  2052 | D:3      | Noticed Robin
  2054 | D:3      | 2054 ||| INVOKING Spit Poison.
  2056 | D:3      | 2056 ||| Stepping ~*~*~tactically~*~*~ (outnumbered).
  2058 | D:3      | 2058 ||| INVOKING Spit Poison.
  2061 | D:3      | 2061 ||| INVOKING Spit Poison.
  2066 | D:3      | 2066 ||| INVOKING Spit Poison.
  2067 | D:3      | Killed Robin
  2072 | D:3      | 2072 ||| INVOKING Spit Poison.
  2075 | D:3      | 2075 ||| INVOKING Spit Poison.
  2220 | D:3      | 2220 ||| INVOKING Spit Poison.
  2249 | D:3      | 2249 ||| INVOKING Spit Poison.
  2256 | D:3      | 2256 ||| INVOKING Spit Poison.
  2260 | D:3      | Reached skill level 6 in Ranged Weapons
  2260 | D:3      | Reached XP level 6. HP: 49/56 MP: 6/6
  2366 | D:3      | 2366 ||| INVOKING Spit Poison.
  2379 | D:3      | 2379 ||| UPGRADING to +0 helmet.
  2384 | D:3      | 2384 ||| DROPPING amulet of magic regeneration.
  2385 | D:3      | 2385 ||| UPGRADING to ring of positive energy.
  2386 | D:3      | 2386 ||| READING 2 scrolls labelled PIGECK FOLEMOWK.
  2387 | D:3      | 2387 ||| READING scroll labelled KOPAWI RICKASI.
  2388 | D:3      | 2388 ||| DRINKING 3 fuming dark potions.
  2389 | D:3      | 2389 ||| DROPPING 2 potions of magic.
  2401 | D:4      | 2401 ||| PLANNING SEWER
  2422 | D:4      | 2422 ||| INVOKING Spit Poison.
  2427 | D:4      | 2427 ||| INVOKING Spit Poison.
  2431 | D:4      | 2431 ||| INVOKING Spit Poison.
  2434 | D:4      | 2434 ||| INVOKING Spit Poison.
  2619 | D:4      | 2619 ||| Stepping ~*~*~tactically~*~*~ (outnumbered).
  2621 | D:4      | 2621 ||| Stepping ~*~*~tactically~*~*~ (outnumbered).
  2623 | D:4      | 2623 ||| INVOKING Spit Poison.
  2625 | D:4      | 2625 ||| Stepping ~*~*~tactically~*~*~ (outnumbered).
  2627 | D:4      | 2627 ||| INVOKING Spit Poison.
  2634 | D:4      | 2634 ||| INVOKING Spit Poison.
  2640 | D:4      | 2640 ||| INVOKING Spit Poison.
  2755 | D:4      | Found a runed translucent door.
  2756 | D:4      | Noticed Crazy Yiuf
  2918 | D:4      | 2918 ||| RIP SEWER
  2922 | D:4      | 2922 ||| PLANNING D:1-11
  2923 | D:4      | 2923 ||| INVOKING Spit Poison.
  2937 | D:4      | 2937 ||| INVOKING Spit Poison.
  2996 | D:4      | 2996 ||| INVOKING Spit Poison.
  2999 | D:4      | 2999 ||| INVOKING Spit Poison.
  3148 | D:4      | 3148 ||| INVOKING Spit Poison.
  3151 | D:4      | 3151 ||| INVOKING Spit Poison.
  3223 | D:4      | 3223 ||| READING scroll labelled GALOLIRH NITO.
  3224 | D:4      | 3224 ||| READING 3 scrolls labelled ZITIOKKAUNN.
  3224 | D:4      | Identified 3 scrolls of acquirement
  3224 | D:4      | 3224 ||| ACQUIRING +3 barding of Moliphut {Regen+ Str-2
                  | Int+8}
  3224 | D:4      | Acquired the +3 barding of Moliphut {Regen+ Str-2 Int+8}
  3226 | D:4      | 3226 ||| UPGRADING to +3 barding of Moliphut {Regen+ Str-2
                  | Int+8}.
  3231 | D:4      | 3231 ||| READING 2 scrolls of acquirement.
  3231 | D:4      | 3231 ||| ACQUIRING +5 arbalest
  3231 | D:4      | Acquired a +5 arbalest
  3233 | D:4      | 3233 ||| SWAPPING to +5 arbalest.
  3234 | D:4      | 3234 ||| DROPPING +2 shortbow.
  3235 | D:4      | 3235 ||| READING scroll of acquirement.
  3235 | D:4      | 3235 ||| ACQUIRING +6 orcbow of flaming
  3235 | D:4      | Acquired a +6 orcbow of flaming
  3237 | D:4      | 3237 ||| SWAPPING to +6 orcbow of flaming.
  3238 | D:4      | 3238 ||| DROPPING +5 arbalest.
  3242 | D:4      | 3242 ||| INVOKING Spit Poison.
  3316 | D:4      | 3316 ||| INVOKING Spit Poison.
  3492 | D:4      | 3492 ||| INVOKING Spit Poison.
  3498 | D:4      | 3498 ||| INVOKING Spit Poison.
  3502 | D:4      | Reached skill level 1 in Armour
  3633 | D:4      | 3633 ||| READING 3 scrolls of identify.
  3633 | D:4      | 3633 ||| IDENTIFYING orange potion
  3634 | D:4      | 3634 ||| READING 2 scrolls of identify.
  3634 | D:4      | 3634 ||| IDENTIFYING purple potion
  3635 | D:4      | 3635 ||| DROPPING potion of attraction.
  3679 | D:5      | Entered Level 5 of the Dungeon
  3681 | D:5      | 3681 ||| INVOKING Spit Poison.
  3683 | D:5      | Reached XP level 7. HP: 64/64 MP: 7/7
  3764 | D:5      | Reached skill level 7 in Ranged Weapons
  3807 | D:5      | 3807 ||| INVOKING Spit Poison.
  3825 | D:5      | 3825 ||| INVOKING Spit Poison.
  3871 | D:5      | 3871 ||| INVOKING Spit Poison.
  3876 | D:5      | 3876 ||| INVOKING Spit Poison.
  3882 | D:5      | 3882 ||| INVOKING Spit Poison.
  3886 | D:5      | 3886 ||| INVOKING Spit Poison.
  3888 | D:5      | Reached XP level 8. HP: 38/72 MP: 8/8
  3933 | D:5      | Found a blossoming altar of Fedhas.
  3934 | D:5      | 3934 ||| INVOKING Spit Poison.
  3939 | D:5      | 3939 ||| INVOKING Spit Poison.
  3980 | D:5      | 3980 ||| INVOKING Spit Poison.
  3984 | D:5      | Reached skill level 8 in Ranged Weapons
  4010 | D:5      | 4010 ||| INVOKING Spit Poison.
  4013 | D:5      | 4013 ||| INVOKING Spit Poison.
  4019 | D:5      | Found a glowing golden altar of the Shining One.
  4113 | D:5      | 4113 ||| INVOKING Spit Poison.
  4242 | D:5      | 4242 ||| READING scroll labelled UCKIOGR YSHRAXT.
  4307 | D:6      | 4307 ||| INVOKING Spit Poison.
  4351 | D:6      | 4351 ||| INVOKING Spit Poison.
  4500 | D:6      | 4500 ||| INVOKING Spit Poison.
  4501 | D:6      | 4501 ||| Stepping ~*~*~tactically~*~*~ (outnumbered).
  4503 | D:6      | 4503 ||| Stepping ~*~*~tactically~*~*~ (outnumbered).
  4505 | D:6      | 4505 ||| INVOKING Spit Poison.
  4507 | D:6      | 4507 ||| Stepping ~*~*~tactically~*~*~ (outnumbered).
  4510 | D:6      | 4510 ||| INVOKING Spit Poison.
  4579 | D:6      | 4579 ||| INVOKING Spit Poison.
  4675 | D:6      | 4675 ||| INVOKING Spit Poison.
  4682 | D:6      | 4682 ||| INVOKING Spit Poison.
  4843 | D:7      | Reached skill level 9 in Ranged Weapons
  4868 | D:7      | 4868 ||| INVOKING Spit Poison.
  4871 | D:7      | 4871 ||| INVOKING Spit Poison.
  4885 | D:7      | 4885 ||| Stepping ~*~*~tactically~*~*~ (outnumbered).
  4887 | D:7      | 4887 ||| Stepping ~*~*~tactically~*~*~ (outnumbered).
  4889 | D:7      | 4889 ||| Stepping ~*~*~tactically~*~*~ (outnumbered).
  4890 | D:7      | 4890 ||| INVOKING Spit Poison.
  4893 | D:7      | 4893 ||| INVOKING Spit Poison.
  4897 | D:7      | Reached XP level 9. HP: 77/81 MP: 9/9
  4901 | D:7      | 4901 ||| INVOKING Spit Poison.
  4954 | D:7      | 4954 ||| INVOKING Spit Poison.
  4958 | D:7      | Reached skill level 3 in Dodging
  4992 | D:7      | 4992 ||| INVOKING Spit Poison.
  4996 | D:7      | Reached skill level 6 in Fighting
  5010 | D:7      | 5010 ||| INVOKING Spit Poison.
  5017 | D:7      | 5017 ||| INVOKING Spit Poison.
  5040 | D:7      | Noticed a hornet
  5041 | D:7      | 5041 ||| INVOKING Spit Poison.
  5046 | D:7      | 5046 ||| INVOKING Spit Poison.
  5049 | D:7      | Killed a hornet
  5077 | D:7      | Reached skill level 10 in Ranged Weapons
  5085 | D:7      | 5085 ||| INVOKING Spit Poison.
  5085 | D:7      | Noticed a brown ugly thing
  5086 | D:7      | Noticed a kobold demonologist
  5091 | D:7      | 5091 ||| INVOKING Spit Poison.
  5094 | D:7      | Killed a brown ugly thing
  5096 | D:7      | 5096 ||| INVOKING Spit Poison.
  5101 | D:7      | 5101 ||| INVOKING Spit Poison.
  5105 | D:7      | 5105 ||| INVOKING Spit Poison.
  5107 | D:7      | Noticed a hellwing
  5108 | D:7      | 5108 ||| INVOKING Spit Poison.
  5111 | D:7      | Killed a kobold demonologist
  5203 | D:7      | Reached XP level 10. HP: 94/94 MP: 10/10
  5214 | D:7      | 5214 ||| INVOKING Spit Poison.
  5219 | D:7      | 5219 ||| INVOKING Spit Poison.
  5226 | D:7      | 5226 ||| INVOKING Spit Poison.
  5229 | D:7      | 5229 ||| INVOKING Spit Poison.
  5234 | D:7      | 5234 ||| INVOKING Spit Poison.
  5285 | D:7      | 5285 ||| INVOKING Spit Poison.
  5291 | D:7      | Reached skill level 11 in Ranged Weapons
  5292 | D:7      | 5292 ||| INVOKING Spit Poison.
  5298 | D:7      | 5298 ||| INVOKING Spit Poison.
  5300 | D:7      | 5300 ||| FLEEEEING.
  5304 | D:7      | 5304 ||| INVOKING Spit Poison.
  5466 | D:7      | Found a large runed translucent door.
  5467 | D:7      | Found a large runed translucent door.
  5537 | D:7      | 5537 ||| Stepping ~*~*~tactically~*~*~ (outnumbered).
  5539 | D:7      | 5539 ||| Stepping ~*~*~tactically~*~*~ (outnumbered).
  5540 | D:7      | 5540 ||| INVOKING Spit Poison.
  5547 | D:7      | 5547 ||| INVOKING Spit Poison.
  5554 | D:7      | 5554 ||| INVOKING Spit Poison.
  5558 | D:7      | 5558 ||| INVOKING Spit Poison.
  5590 | D:7      | Found a staircase to the Ecumenical Temple.
  5591 | D:7      | 5591 ||| PLANNING TEMPLE
  5591 | D:7      | 5591 ||| READING 2 scrolls labelled YMIVYL HIQO.
  5592 | D:7      | 5592 ||| READING scroll labelled MOEZIZ XEIX.
  5593 | D:7      | 5593 ||| DRINKING 2 bubbling white potions.
  5594 | D:7      | 5594 ||| DROPPING scroll of vulnerability.
  5603 | Temple   | Entered the Ecumenical Temple
  5868 | Temple   | 5868 ||| PLANNING OKAWARU WORSHIP
  6039 | Temple   | Became a worshipper of Warmaster Okawaru
  6040 | Temple   | 6040 ||| PLANNING D:1-11
  6147 | D:7      | Found a basalt altar of Yredelemnul.
  6181 | D:7      | 6181 ||| INVOKING Spit Poison.
  6248 | D:7      | 6248 ||| INVOKING Spit Poison.
  6254 | D:7      | 6254 ||| INVOKING Spit Poison.
  7747 | D:8      | 7747 ||| Stepping ~*~*~tactically~*~*~ (outnumbered).
  7749 | D:8      | 7749 ||| Stepping ~*~*~tactically~*~*~ (outnumbered).
  7751 | D:8      | 7751 ||| INVOKING Spit Poison.
  7754 | D:8      | 7754 ||| Stepping ~*~*~tactically~*~*~ (outnumbered).
  7756 | D:8      | 7756 ||| INVOKING Spit Poison.
  7759 | D:8      | 7759 ||| Stepping ~*~*~tactically~*~*~ (outnumbered).
  7763 | D:8      | 7763 ||| INVOKING Spit Poison.
  7794 | D:8      | 7794 ||| INVOKING Spit Poison.
  7802 | D:8      | 7802 ||| INVOKING Spit Poison.
  7889 | D:8      | Noticed a two-headed ogre
  7893 | D:8      | 7893 ||| INVOKING Spit Poison.
  7895 | D:8      | Killed a two-headed ogre
  7896 | D:8      | Reached skill level 12 in Ranged Weapons
  7927 | D:8      | 7927 ||| INVOKING Spit Poison.
  8044 | D:8      | Found a sacrificial altar of Ru.
  8109 | D:8      | 8109 ||| INVOKING Spit Poison.
  8291 | D:8      | 8291 ||| UPGRADING to ring of protection from fire.
  8292 | D:8      | 8292 ||| READING scroll labelled ADGHIM EGANK.
  8293 | D:8      | 8293 ||| READING 3 scrolls of identify.
  8293 | D:8      | 8293 ||| IDENTIFYING glowing emerald potion
  8294 | D:8      | 8294 ||| DROPPING potion of degeneration.
  8349 | D:9      | 8349 ||| INVOKING Spit Poison.
  8524 | D:8      | 8524 ||| Stepping randomly (stuck).
  8600 | D:9      | 8600 ||| INVOKING Spit Poison.
  8606 | D:9      | 8606 ||| Stepping ~*~*~tactically~*~*~ (outnumbered).
  8607 | D:9      | 8607 ||| INVOKING Spit Poison.
  8610 | D:9      | Reached skill level 3 in Armour
  8615 | D:9      | 8615 ||| INVOKING Spit Poison.
  8623 | D:9      | 8623 ||| INVOKING Spit Poison.
  8650 | D:8      | Found a sparkling altar of Nemelex Xobeh.
  8716 | D:9      | 8716 ||| INVOKING Spit Poison.
  8723 | D:9      | 8723 ||| INVOKING Spit Poison.
  8737 | D:9      | Reached * piety under Okawaru
  8784 | D:9      | 8784 ||| INVOKING Spit Poison.
  8800 | D:9      | Reached skill level 1 in Invocations
  8875 | D:9      | Found a shimmering altar of Xom.
  8878 | D:9      | Found a snail-covered altar of Cheibriados.
  8883 | D:9      | Found an ornate altar of the Wu Jian Council.
  8884 | D:9      | 8884 ||| READING scroll labelled CEAHIEM QEAZ.
  8913 | D:10     | Entered Level 10 of the Dungeon
  8929 | D:10     | 8929 ||| INVOKING Heroism.
  8930 | D:10     | 8930 ||| INVOKING Spit Poison.
  8936 | D:10     | 8936 ||| INVOKING Spit Poison.
  8940 | D:10     | Reached XP level 11. HP: 83/103 MP: 9/12
  8963 | D:10     | Found a staircase to the Orcish Mines.
  8966 | D:10     | 8966 ||| INVOKING Spit Poison.
  8969 | D:10     | 8969 ||| INVOKING Spit Poison.
  8975 | D:10     | 8975 ||| INVOKING Spit Poison.
  8980 | D:10     | 8980 ||| INVOKING Heroism.
  8981 | D:10     | 8981 ||| INVOKING Heroism.
  8982 | D:10     | 8982 ||| INVOKING Spit Poison.
  9047 | D:10     | 9047 ||| INVOKING Spit Poison.
  9062 | D:10     | 9062 ||| INVOKING Spit Poison.
  9063 | D:10     | 9063 ||| Stepping ~*~*~tactically~*~*~ (outnumbered).
  9070 | D:10     | 9070 ||| INVOKING Spit Poison.
  9074 | D:10     | 9074 ||| Stepping ~*~*~tactically~*~*~ (outnumbered).
  9078 | D:10     | 9078 ||| INVOKING Spit Poison.
  9086 | D:10     | Reached skill level 3 in Invocations
  9086 | D:10     | 9086 ||| INVOKING Spit Poison.
  9091 | D:10     | 9091 ||| INVOKING Spit Poison.
  9215 | D:10     | Noticed an obsidian statue
  9216 | D:10     | 9216 ||| INVOKING Heroism.
  9217 | D:10     | 9217 ||| UPGRADING to +0 robe of fire resistance.
  9228 | D:10     | 9228 ||| Stepping ~*~*~tactically~*~*~ (outnumbered).
  9232 | D:10     | 9232 ||| INVOKING Heroism.
  9233 | D:10     | 9233 ||| INVOKING Spit Poison.
  9242 | D:10     | 9242 ||| INVOKING Spit Poison.
  9244 | D:10     | 9244 ||| UPGRADING to +0 leather armour.
  9249 | D:10     | 9249 ||| UPGRADING to +0 robe of fire resistance.
  9261 | D:10     | 9261 ||| INVOKING Heroism.
  9262 | D:10     | 9262 ||| READING scroll labelled ULUMUSA BABBI.
  9281 | D:10     | Noticed a sixfirhy
  9282 | D:10     | Gained mutation: Your body sometimes deteriorates upon
                  | taking damage. [a neqoxec]
  9284 | D:10     | 9284 ||| INVOKING Spit Poison.
  9290 | D:10     | 9290 ||| INVOKING Heroism.
  9292 | D:10     | HP: 25/103 [hellwing[an obsidian statue] (8)]
  9293 | D:10     | 9293 ||| READING 3 scrolls of teleportation.
  9294 | D:10     | HP: 11/103 [barbs]
  9294 | D:10     | Slain by a red devil

Levels and vault maps discovered:
D:1:      lightli_iron_boxes, layout_basic, hex_medium
D:2:      minmay_thinvault, layout_basic, shapermc_ecumenical_altar_notcrosses,
          nrook_mini_vaults
D:3:      layout_basic, serial_shops, shop, uniq_robin, uniq_terence
D:4:      layout_basic, cheibrodos_sewer_entry_bend, dk_rats_in_the_wall,
          uniq_crazy_yiuf_cottage
D:5:      layout_rooms, mainiacjoe_overflow_alcove_1,
          fedhas_bush_and_centaur_altar, nicolae_letterblocks
          [nicolae_letter_subblock, nicolae_letter_subblock,
          nicolae_letter_subblock, nicolae_letter_subblock,
          nicolae_letter_subblock, nicolae_letter_subblock,
          nicolae_letter_subblock, nicolae_letter_subblock,
          nicolae_letter_subblock, nicolae_letter_subblock,
          nicolae_letter_subblock, nicolae_letter_subblock,
          nicolae_letter_subblock, nicolae_letter_subblock,
          nicolae_letter_subblock, nicolae_letter_subblock,
          nicolae_letter_subblock, nicolae_letter_subblock,
          nicolae_letter_subblock, nicolae_letter_subblock,
          nicolae_letter_subblock, nicolae_letter_subblock,
          nicolae_letter_subblock, nicolae_letter_subblock,
          nicolae_letter_subblock]
D:6:      layout_rooms, nicolae_water_bricks, kennysheep_dice
D:7:      nzn_winding_woodlands_stair_cross
          [nzn_winding_woodlands_5x15_sidewinder,
          nzn_winding_woodlands_center_diamonds,
          nzn_winding_woodlands_5x15_pathside_ponds,
          nzn_winding_woodlands_5x5_open_star,
          nzn_winding_woodlands_5x5_perimeter,
          nzn_winding_woodlands_5x15_split_checker,
          nzn_winding_woodlands_center_triple_pond,
          nzn_winding_woodlands_5x15_eye], layout_loops_ring,
          mainiacjoe_overflow_24_doors, jmf_multi_god_temple2,
          minmay_temple_entry_statues_fountains
D:8:      layout_gridville, nicolae_overflow_hidden_temple
D:9:      layout_big_octagon, grunt_temple_overflow_diamond
D:10:     layout_gridville, david_orc_3, minmay_statue_bubble
Temple:   minmay_temple_forest_path

Skill      XL: |  1  2  3  4  5  6  7  8  9 10 11 |
---------------+----------------------------------+-----
Ranged Weapons | 4 5 6 7 9 10 12 | 12.9
Fighting       | 3 4 5 7 8 |  8.0
Armour         | 1 2 3 |  3.0
Dodging        | 2 3 4 |  4.0
Invocations    | 1 3 |  3.6
Stealth        | |  1.5

Action                     |  1- 3 |  4- 6 |  7- 9 | 10-12 || total
---------------------------+-------+-------+-------+-------++-------
   Fire: Shortbow          |    41 |   146 |       |       ||   187
         Orcbow            |       |    13 |   134 |   285 ||   432
 Invoke: Heroism           |       |       |       |     6 ||     6
Ability: Spit Poison       |    18 |    48 |    37 |    47 ||   150
    Use: Scroll            |     2 |    12 |     1 |     7 ||    22
         Potion            |     1 |     2 |       |     1 ||     4
 Armour: Leather armour    |    10 |    22 |    35 |    68 ||   135
         Robe              |       |       |       |     9 ||     9
         Skin              |       |       |       |     5 ||     5
  Dodge: Dodged            |    10 |    51 |    24 |    66 ||   151

Table legend:
 A = Non-vault XP
 B = Vault XP
 C = Vault XP percentage of total XP
 D = Non-vault monster count
 E = Vault monster count
 F = Vault count percentage of total count
                 A         B        C        D         E       F
            +---------+---------+-------+---------+---------+-------
      Total |    7582 |    3902 |  34.0 |     168 |      72 |  30.0
            +---------+---------+-------+---------+---------+-------
        D:1 |      22 |       0 |   0.0 |      12 |       0 |   0.0
        D:2 |      40 |      87 |  68.5 |       8 |      22 |  73.3
        D:3 |     120 |      65 |  35.1 |      19 |      12 |  38.7
        D:4 |     266 |       5 |   1.8 |      20 |       1 |   4.8
        D:5 |    1018 |     108 |   9.6 |      17 |       1 |   5.6
        D:6 |     147 |     163 |  52.6 |      10 |       2 |  16.7
        D:7 |    1280 |    3070 |  70.6 |      23 |      24 |  51.1
        D:8 |    1649 |       0 |   0.0 |      20 |       0 |   0.0
        D:9 |    1053 |       0 |   0.0 |      23 |       0 |   0.0
       D:10 |    1987 |     404 |  16.9 |      16 |      10 |  38.5
            +---------+---------+-------+---------+---------+-------
